 Dungeon Crawl Stone Soup version 0.28.0-45-g0d030f2227 (webtiles) character file.

Game seed: 15910353523235529192

77 101zpm the Caller (level 4, -2/24 HPs)
             Began as a Kobold Summoner on Apr 12, 2022.
             Slain by Eustachio
             ... wielding a +0 falchion
              (6 damage)
             ... on level 3 of the Dungeon.
             The game lasted 00:16:26 (4584 turns).

101zpm the Caller (Kobold Summoner)                 Turns: 4584, Time: 00:16:27

Health: -2/24      AC:  2    Str:  5    XL:     4   Next: 58%
Magic:  1/9        EV: 15    Int: 18    God:
Gold:   67         SH:  0    Dex: 15    Spells: 3/9 levels left

rFire   . . .      SeeInvis .   (weapon restricted)
rCold   . . .      Faith    .   (no shield)
rNeg    . . .      Spirit   .   a - +0 robe
rPois   .          Reflect  .   (no helmet)
rElec   .          Harm     .   (no cloak)
rCorr   .          Rampage  .   (no gloves)
Will    .....                   (no boots)
Stlth   +++.......              (no amulet)
HPRegen 0.08/turn               (no ring)
MPRegen 0.11/turn               (no ring)

@: no status effects
A: small, no large weapons, nightstalker 3
a: no special abilities


You were on level 3 of the Dungeon.
You visited 1 branch of the dungeon, and saw 4 of its levels.

You collected 67 gold pieces.

Inventory:

Armour
 a - a +0 robe (worn)
Jewellery
 c - a +4 ring of evasion
Scrolls
 b - 2 scrolls of fog
 i - a scroll of identify {unknown}
 j - a scroll of enchant armour {unknown}
Potions
 e - a potion of heal wounds {unknown}
 g - a potion of brilliance {unknown}
 h - 2 potions of might {unknown}


   Skills:
 + Level 2.5 Dodging
 + Level 3.2 Stealth
 + Level 3.3 Spellcasting
 + Level 4.8 Summonings


You had 3 spell levels left.
You knew the following spells:

 Your Spells              Type           Power      Damage    Failure   Level
a - Summon Small Mammal   Summ           80%        N/A       2%          1
b - Call Imp              Summ           20%        N/A       3%          2
c - Call Canine Familiar  Summ           20%        N/A       6%          3

Your spell library contained the following spells:

 Spells                   Type           Power      Damage    Failure   Level
 Summon Guardian Golem    Hex/Summ       11%        N/A       17%         3
 Summon Lightning Spire   Summ/Air       11%        N/A       50%         4


Dungeon Overview and Level Annotations

Branches:
Dungeon (4/15)
 Temple: D:4-7

Altars:
Dithmenos
Makhleb

Annotations:
D:3 Eustachio


Innate Abilities, Weirdness & Mutations

You are small and have problems with some larger weapons.
You are completely attuned to the shadows.


Message History

Your crimson imp closely misses the quokka.
The river rat closely misses you. What are your orders? t - Shout!
Orders for allies: a - Attack new target. r - Retreat! s - Stop attacking. g - Guard the area. f - Follow me.
Anything else - Cancel.
Okay, then.
Enter note:
Enter note: Unknown command.
Enter note:
Enter note: Your bat hits Eustachio but does no damage.
Your hound bites the river rat but does no damage.
The quokka bites you.
Eustachio utters an oath, "I will die for my friends!"
Eustachio hits you with a +0 falchion!
* * * LOW HITPOINT WARNING * * *
The rat misses your bat.
Your rat barely misses Eustachio.
Your hound misses the river rat. The river rat misses you.
Your bat hits Eustachio but does no damage.
The quokka closely misses you.
Eustachio gestures wildly while chanting.
Your hound bites the river rat.
The quokka barely misses you.
Your bat closely misses the river rat.
Your rat bites Eustachio but does no damage.
The quokka barely misses you. The river rat barely misses you.
You climb upwards.
Your summoned ally is left behind.
The river rat disappears in a puff of smoke!
The quokka disappears in a puff of smoke!
The rat disappears in a puff of smoke!
The quokka disappears in a puff of smoke!
The shadow imp disappears in a puff of smoke!
There is a stone staircase leading down here.
Casting: Summon Small Mammal (safe; 2% risk of failure)
Press: ? - help, Q - select action, (/) - cycle Dir - look around, f - activate Eustachio hits you with a +0 falchion.
You die...

## .# .# ##### .########
#...#
.#......###########.#.##
>...............@@.....##
.#.####.######r####.##..#
.#.#..#.# #.# #.###.##
...##.#.# ####.####.#
#..# .#....#..
..........# ##.## .#..#.#
####.#########..# .##.#.#
##.######..##.## .##...#
#.....##....#..# ####..#
#......#_.⌠.##.#


You could see Eustachio (ally target) and a friendly rat (summoned).

Vanquished Creatures (collateral kills)
  3 adders
  4 dart slugs
  4 orcs
  A bat (D:1)
  2 endoplasms
  5 goblins
  3 hobgoblins
  4 jackals (D:3)
  2 ball pythons
  6 kobolds
34 creatures vanquished.

Notes
Turn   | Place    | Note
-------+----------+-------------------------------------------
     0 | D:1      | 101zpm the Kobold Summoner began the quest for the Orb.
     0 | D:1      | Reached XP level 1. HP: 10/10 MP: 3/3
    45 | D:1      | Noticed a swamp drake
    45 | D:1      | Noticed a black bear
    47 | D:1      | Noticed a swamp worm
    61 | D:1      | Noticed a hog
   670 | D:1      | Reached XP level 2. HP: 15/15 MP: 1/5
  1347 | D:2      | Reached XP level 3. HP: 9/19 MP: 5/7
  1628 | D:1      | Learned a level 2 spell: Call Imp
  1632 | D:1      | Learned a level 3 spell: Call Canine Familiar
  1849 | D:2      | Found a faded altar of an unknown god.
  3121 | D:3      | Reached XP level 4. HP: 24/24 MP: 3/8
  3360 | D:3      | Found a shadowy altar of Dithmenos.
  3360 | D:3      | Found a burning altar of Makhleb.
  4272 | D:4      | Noticed Eustachio
  4584 | D:3      | Slain by Eustachio

Illustrated notes

Levels and vault maps discovered:
D:1:      onia_arrival_zoo_common, layout_loops_ring,
          chequers_serial_rivers_small_3
D:2:      layout_loops_ring, basic_ecumenical_altar, basic_altar
D:3:      layout_basic, nicolae_ru_the_path_less_chosen,
          gammafunk_temple_overflow_pools
D:4:      layout_loops_ring, chequers_temple_overflow_statue_of_worship,
          gup_sewer_entry_glass, chequers_serial_rivers_small_b, uniq_menkaure,
          uniq_eustachio, uniq_robin

Skill      XL: |  1  2  3 |
---------------+----------+-----
Stealth        | 3 |  3.2
Spellcasting   | 3 |  3.3
Dodging        | |  2.5
Summonings     | |  4.8

Action                   |  1- 3 |  4- 6 || total
-------------------------+-------+-------++-------
Melee: Unarmed           |     6 |       ||     6
 Cast: Summon Small Mamm |    54 |    24 ||    78
       Call Canine Famil |     8 |     7 ||    15
       Call Imp          |     6 |     6 ||    12
  Use: Scroll            |       |     3 ||     3
Armor: Robe              |     7 |     1 ||     8
Dodge: Dodged            |    26 |    24 ||    50
